 Dungeon Crawl Stone Soup version 0.28.0 (webtiles) character file.

Game seed: 2168123254659045104

3063 mopl the Martial Artist (level 10, -1/87 HPs)
             Began as a Djinni Transmuter on Feb 16, 2022.
             Was a High Priest of Ignis.
             Slain by a killer bee (6 damage)
             ... on level 8 of the Dungeon.
             The game lasted 00:10:03 (8828 turns).

mopl the Martial Artist (Djinni Transmuter)         Turns: 8828, Time: 00:10:04

Health: -1/87      AC:  7    Str: 13    XL:     10   Next: 12%
Gold:   420        EV: 14    Int: 14    God:    Ignis [*****.] SH:  0 Dex: 15

rFire   . . .      SeeInvis .     - Unarmed
rCold   + + +      Faith    .   (shield currently unavailable)
rNeg    . . .      Spirit   .   (armour currently unavailable)
rPois   ∞          Reflect  .   (helmet currently unavailable)
rElec   .          Harm     .   (cloak currently unavailable)
rCorr   .          Rampage  .   (gloves currently unavailable)
Will    +....                   (boots unavailable)
Stlth   +.........              B - amulet of the acrobat
HPRegen 0.24/turn               f - +4 ring of evasion
MPRegen 0.00/turn               i - ring of protection from cold

@: ice-form, wereblooded, flying
A: freezing attack, flying, boosted hp, sickness immunity, large, (fire
resistance 2), (cold vulnerability 1), float, innate caster, HP casting, extra
vitality 1
a: End Transformation, Renounce Religion, Fiery Armour, Foxfire Swarm, Rising
Flame


You were on level 8 of the Dungeon.
You worshipped Ignis.
Ignis was extremely pleased with you.
You were a creature of crystalline ice.
You visited 1 branch of the dungeon, and saw 8 of its levels.

You collected 420 gold pieces.

Inventory:

Missiles
 v - 12 poisoned darts
 y - 2 throwing nets
Armour
 g - a +0 kite shield
 l - a +2 robe of willpower (melded)
 r - a scarf of invisibility (melded)
Jewellery
 f - a +4 ring of evasion (left front paw)
 i - a ring of protection from cold (right front paw)
 q - a ring of protection from fire
 w - an amulet of faith {!P}
 B - an amulet of the acrobat (around neck)
Wands
 s - a wand of flame (15)
Scrolls
 b - 3 scrolls of teleportation {unknown}
 e - 2 scrolls of silence {unknown}
 k - 7 scrolls of identify {unknown}
 m - a scroll of blinking {unknown}
 o - a scroll of enchant weapon {unknown}
 x - a scroll of brand weapon {unknown}
 z - a scroll of fear {unknown}
Potions
 a - 6 potions of curing {unknown}
 c - 3 potions of brilliance
 d - 2 potions of ambrosia {unknown}
 h - a potion of degeneration {unknown}
 j - 2 potions of lignification {unknown}
 n - 3 potions of might {unknown}
 p - a potion of magic {unknown}
 t - a potion of mutation {unknown}
 u - a potion of heal wounds {unknown}
 A - a potion of flight {unknown}


   Skills:
 + Level 6.6 Fighting
 + Level 1.0 Armour
 + Level 2.6 Dodging
 * Level 10.0 Unarmed Combat
 + Level 5.2 Spellcasting


You couldn't memorise any spells.
You knew the following spells:

 Your Spells              Type           Power      Damage    Failure   Level
a - Beastly Appendage     Tmut           36%        N/A       1%          1
b - Spider Form           Tmut/Pois      18%        N/A       6%          3
c - Vampiric Draining     Necr           18%        2d7       6%          3
d - Ice Form              Ice/Tmut       18%        N/A       21%         4
e - Swiftness             Air            18%        N/A       6%          3
w - Wereblood             Tmut           18%        N/A       3%          2
Y - Searing Ray           Conj           36%        2d5       3%          2
Z - Summon Small Mammal   Summ           72%        N/A       1%          1
Your spell library was empty.

Dungeon Overview and Level Annotations

Branches:
Dungeon (8/15)             Temple (0/1) D:7
   Lair: D:8-11

Altars:
Ignis

Shops:
D:4 *


Innate Abilities, Weirdness & Mutations

You are a creature of crystalline ice.
You have a powerful freezing melee attack.
You are flying.
Your maximum health is increased.
Your armour is entirely melded.
You are incapable of wielding weapons or throwing items.
You are immune to sickness and miasma.
You are immune to poison.
((Your flesh is very heat resistant. (rF++)))
((You are vulnerable to cold. (rC-)))
You float through the air rather than walking.
You learn spells naturally, not from books.
Your magical power is your life essence.
You have superior vitality. (+4 MHP)


Message History

The killer bee stings you. x2; The killer bee closely misses you.
You barely miss the killer bee.
The killer bee is severely wounded.
The killer bee barely misses you.
The killer bee stings you but does no damage.
The killer bee closely misses you. x2
The killer bee stings you but does no damage.
You hit the killer bee. You freeze the killer bee.
You feel a bit better.
You kill the killer bee!
The killer bee closely misses you. The killer bee barely misses you.
Your Armour skill increases to level 1!
You pummel the two-headed ogre!! You freeze the two-headed ogre.
The two-headed ogre is heavily wounded.
The killer bee stings you. The killer bee misses you.
The killer bee barely misses you.
The killer bee stings you but does no damage.
You punch the two-headed ogre! You freeze the two-headed ogre.
The two-headed ogre is severely wounded.
The killer bee stings you but does no damage. x2
The two-headed ogre hits you with a +0 giant club! x2
* * * LOW HITPOINT WARNING * * *
You punch the two-headed ogre! You freeze the two-headed ogre.
The two-headed ogre is almost dead.
The killer bee stings you but does no damage.
The killer bee stings you.
* * * LOW HITPOINT WARNING * * *
The killer bee barely misses you. x2; The two-headed ogre closely misses you.
The two-headed ogre hits you with a +0 giant club.
* * * LOW HITPOINT WARNING * * *
You hit the two-headed ogre. You freeze the two-headed ogre.
The two-headed ogre is almost dead.
The killer bee closely misses you. The killer bee stings you.
* * * LOW HITPOINT WARNING * * *
The killer bee stings you but does no damage.
The killer bee misses you.
You pummel the two-headed ogre!! You freeze the two-headed ogre.
You feel a bit better.
You kill the two-headed ogre!
The killer bee stings you.
You die...

#....###....#......)..
#.....................
##.............##......
#..........[...##......
###.............#......
#.##...............(.
###.y...........###..
#yy#...........#...
###Y#)..........(..#
#...)...........##
#...##............#.
#...##.....##........
..... #......#<.......
.........###...........
###.#...##.............
#.##....#............
#... ##...........


You could see 3 killer bees.

Vanquished Creatures
  A two-headed ogre (D:8)
  Sigmund (D:2)
  A steam dragon (D:7)
  3 water moccasins
  An orc warrior (D:8)
  5 black bears
  A sky beast (D:7)
  A necrophage (D:5)
  2 centaurs
  A phantom (D:4)
  A gnoll sergeant (D:7)
  A scorpion (D:5)
  2 water moccasin skeletons
  A killer bee (D:8)
  A bullfrog zombie (D:6)
  3 centaur zombies
  A jelly (D:7)
  4 orc priests
  5 hounds
  3 centaur skeletons (D:7)
  8 iguanas
  6 orc wizards
  Terence (D:2)
  A hound skeleton (D:4)
  2 howler monkey zombies
  13 gnolls
  7 adders
  2 white imps
  An adder skeleton (D:2)
  3 worms
  3 dart slugs
  18 orcs
  9 ball pythons
  12 endoplasms
  7 giant cockroaches
  12 goblins
  12 hobgoblins
  3 jackals (D:1)
  2 kobolds
  4 quokkas
  7 bats
  11 frilled lizards
  6 rats
189 creatures vanquished.

Vanquished Creatures (others)
  5 plants (D:3)
5 creatures vanquished.

Grand Total: 194 creatures vanquished

Notes
Turn   | Place    | Note
-------+----------+-------------------------------------------
     0 | D:1      | mopl the Djinni Transmuter began the quest for the Orb.
     0 | D:1      | Reached XP level 1. HP: 17/17 MP: 0/0
    18 | D:1      | Found a faded altar of an unknown god.
    32 | D:1      | Prayed at the altar of an unknown god.
    32 | D:1      | Became a worshipper of Ignis, the Dying Flame
   237 | D:1      | Reached XP level 2. HP: 20/22 MP: 0/0
   836 | D:1      | Reached XP level 3. HP: 27/27 MP: 0/0
   836 | D:1      | Learned a level 1 spell: Summon Small Mammal
  1363 | D:1      | Reached skill level 2 in Spellcasting
  1821 | D:2      | Noticed Sigmund
  1832 | D:2      | Killed Sigmund
  1833 | D:2      | Reached skill level 2 in Fighting
  1833 | D:2      | Reached skill level 4 in Unarmed Combat
  1833 | D:2      | Reached XP level 4. HP: 6/34 MP: 0/0
  1833 | D:2      | Reached XP level 5. HP: 7/39 MP: 0/0
  1833 | D:2      | Learned a level 2 spell: Searing Ray
  1833 | D:2      | Reached XP level 6. HP: 8/45 MP: 0/0
  2151 | D:2      | Reached skill level 5 in Unarmed Combat
  2355 | D:2      | Noticed Terence
  2477 | D:2      | Killed Terence
  2478 | D:2      | Reached skill level 3 in Fighting
  2909 | D:2      | Reached XP level 7. HP: 41/50 MP: 0/0
  2909 | D:2      | Learned a level 3 spell: Swiftness
  3411 | D:3      | Reached skill level 3 in Spellcasting
  4005 | D:4      | Found Xuif's Serpentskin Sales.
  4005 | D:4      | Noticed a water moccasin
  4005 | D:4      | Noticed a water moccasin
  4007 | D:4      | Noticed a water moccasin
  4025 | D:3      | Killed a water moccasin
  4026 | D:3      | Reached skill level 6 in Unarmed Combat
  4524 | D:3      | Killed a water moccasin
  4525 | D:3      | Reached skill level 4 in Fighting
  4532 | D:4      | Killed a water moccasin
  4533 | D:4      | Reached XP level 8. HP: 37/58 MP: 0/0
  4906 | D:4      | Reached skill level 7 in Unarmed Combat
  5567 | D:4      | Reached skill level 4 in Spellcasting
  5967 | D:5      | Entered Level 5 of the Dungeon
  6025 | D:5      | Reached skill level 5 in Fighting
  6109 | D:5      | Reached skill level 8 in Unarmed Combat
  6146 | D:5      | Reached XP level 9. HP: 42/65 MP: 0/0
  6146 | D:5      | Learned a level 3 spell: Vampiric Draining
  6395 | D:5      | HP: 3/65 [white imp/puff of frost (12)]
  7421 | D:6      | Reached skill level 9 in Unarmed Combat
  7735 | D:7      | Found a staircase to the Ecumenical Temple.
  7785 | D:7      | Reached skill level 6 in Fighting
  8080 | D:7      | Reached skill level 5 in Spellcasting
  8512 | D:7      | Reached XP level 10. HP: 49/73 MP: 0/0
  8781 | D:8      | Reached skill level 10 in Unarmed Combat
  8793 | D:8      | Noticed a two-headed ogre
  8824 | D:8      | Reached skill level 1 in Armour
  8827 | D:8      | HP: 3/87 [killer bee (5)]
  8828 | D:8      | Killed a two-headed ogre
  8828 | D:8      | Slain by a killer bee

Illustrated notes

Levels and vault maps discovered:
D:1:      minmay_arrival_stair_chambers, layout_loops_corners,
          shapermc_ecumenical_altar_totnotflames, st_stairs_7
D:2:      layout_loops_cross, minmay_surrounded, uniq_terence, uniq_sigmund
D:3:      layout_rooms, chequers_jeans, minmay_lizard_king
D:4:      layout_basic, guppyfry_shop_venom
D:5:      layout_loops_ring
D:6:      layout_loops_ring
D:7:      layout_cave_pools, minmay_temple_entry_trees
D:8:      layout_cave_pools, kennysheep_mini, chequers_big_river,
          corner_web_ring

Skill      XL: |  1  2  3  4  5  6  7  8  9 10 |
---------------+-------------------------------+-----
Spellcasting   | 2 3 4 5 |  5.2
Fighting       | 2 3 4 5 6 |  6.6
Unarmed Combat | 4 5 6 8 9 10 | 10.0
Armour         | 1 |  1.0
Dodging        | |  2.6

Action                   |  1- 3 |  4- 6 |  7- 9 | 10-12 || total
-------------------------+-------+-------+-------+-------++-------
Melee: Unarmed           |   155 |    98 |   463 |    37 ||   753
       Headbutt          |    11 |     5 |     3 |       ||    19
       Punch             |     3 |       |    14 |     3 ||    20
 Cast: Beastly Appendage |    17 |     5 |     2 |       ||    24
       Spider Form       |     1 |     6 |    20 |     1 ||    28
       Ice Form          |       |       |     1 |     1 ||     2
       Wereblood         |       |       |       |     3 ||     3
 Stab: Sleeping          |     1 |       |     3 |       ||     4
       Distracted        |       |     1 |       |       ||     1
Armor: Robe              |    17 |     9 |    27 |     7 ||    60
       Skin              |       |     3 |    14 |     9 ||    26
Dodge: Dodged            |   112 |   117 |   381 |    83 ||   693
